 Dungeon Crawl Stone Soup version 0.18.1-50-g88ac8fd (webtiles) character file.

113 grisgris the Magician (level 4, -2/24 HPs)
             Began as a Deep Elf Fire Elementalist on Nov 6, 2016.
             Slain by an orc priest (3 damage)
             ... on level 3 of the Dungeon.
             The game lasted 00:12:16 (3123 turns).

grisgris the Magician (Deep Elf Fire Elementalist)  Turns: 3123, Time: 00:12:17

Health: -2/24      AC:  4    Str:  8 (10) XL:     4   Next: 65%
Magic:  0/12       EV: 12    Int: 20 (21) God:
Gold:   101        SH:  0    Dex: 12 (15) Spells: 3 memorised, 4 levels left

rFire  . . .     SeeInvis .     k - +0 dagger
rCold  . . .     Gourm    .     a - +1 robe
rNeg   . . .     Faith    .     (no shield)
rPois  .         Spirit   +     q - +0 helmet
rElec  .         Dismiss  .     (no cloak)
rCorr  .         Reflect  .     (no gloves)
SustAt .         Harm     .     (no boots)
MR     .....                    i - amulet of guardian spirit
Stlth  ++........               (no ring)
                                (no ring)

@: mighty, lethally poisoned (-2 -> -11), flying, very slightly contaminated,
hasted, very quick, not resistant to hostile enchantments, unstealthy
A: no striking features
a: no special abilities


You were on level 3 of the Dungeon.
You were hungry.

You visited 1 branch of the dungeon, and saw 3 of its levels.

You collected 101 gold pieces.

Inventory:

Hand Weapons
 k - a +0 dagger (weapon)
Armour
 a - a +1 robe (worn)
 q - a +0 helmet (worn)
Jewellery
 i - an amulet of guardian spirit (around neck)
 l - a +4 ring of strength {unknown}
Wands
 n - a wand of polymorph (9/24)
Scrolls
 d - a scroll of blinking
 f - a scroll of teleportation
 o - a scroll of magic mapping {unknown}
 p - 3 scrolls of identify
Potions
 e - a potion of degeneration
 h - 2 potions of flight
Books
 b - a book of Flames

   Spells                             Type                      Level
   a - Flame Tongue                   Conjuration/Fire             1
   b - Throw Flame                    Conjuration/Fire             2
   c - Conjure Flame                  Conjuration/Fire             3
   d - Inner Flame                    Hexes/Fire                   3
   e - Sticky Flame                   Conjuration/Fire             4
   f - Fireball                       Conjuration/Fire             5
Comestibles
 c - 3 bread rations
 m - 2 meat rations


   Skills:
 - Level 2.4 Dodging
 - Level 2.4 Stealth
 * Level 4.8 Spellcasting
 + Level 2.7 Conjurations
 + Level 4.2 Fire Magic


You had 4 spell levels left.
You knew the following spells:

 Your Spells              Type           Power        Failure   Level  Hunger
a - Flame Tongue          Conj/Fire      ###..        2%          1    None
b - Conjure Flame         Conj/Fire      ###.....     10%         3    ##.....
c - Sticky Flame          Conj/Fire      ###.....     30%         4    ####...


Dungeon Overview and Level Annotations

Branches:
Dungeon (3/15)

Altars:
Ashenzari
The Shining One


Message History

You feel sick.
Drink which item? (? for menu, Esc to quit)
It was a potion of haste.
You feel yourself speed up.
* * * LOW HITPOINT WARNING * * *
You feel sick. The orc priest closely misses you.
Drink which item? (? for menu, Esc to quit)
It was a potion of flight.
You feel very buoyant.
You fly up into the air.
* * * LOW HITPOINT WARNING * * *
You feel sick.
The orc priest hits you but does no damage.
Drink which item? (? for menu, Esc to quit)
It was a potion of might.
You feel very mighty all of a sudden.
You hit the orc priest.
The orc priest is heavily wounded.
* * * LOW HITPOINT WARNING * * *
You feel sick. The orc priest hits you.
You die...

.....# #...# .....# #.(.# #####
.################...#########....
.............)..+...+....(.......
................#...####.####.###
##....########......# #.####.#
#....# #...#### #....#.# #....#
#(.[# #..#.#.# #....# ###@##
#..#...# #....# #.o######..#####
###### #.o.†..##..# #...)..##..#
#......##..######
#......##.....)<#
##'####.#..w.#### #'#
#...#..##### ... #.#.#..)....


You could see an orc priest and an orc.

Vanquished Creatures
  2 adders (D:3)
  An ooze (D:2)
  2 worms
  2 dart slugs (D:1)
  4 giant geckos
  12 orcs
  9 bats
  9 goblins
  4 hobgoblins
  A quokka (D:2)
  9 giant newts
  3 kobolds (D:2)
  7 rats
65 creatures vanquished.

Notes
Turn   | Place    | Note
--------------------------------------------------------------
     0 | D:1      | grisgris the Deep Elf Fire Elementalist began the quest for the Orb.
     0 | D:1      | Reached XP level 1. HP: 10/10 MP: 6/6
   378 | D:1      | Reached XP level 2. HP: 14/15 MP: 6/8
   470 | D:1      | Found a shattered altar of Ashenzari.
  1203 | D:2      | Reached XP level 3. HP: 14/19 MP: 6/10
  1326 | D:2      | Learned a level 3 spell: Conjure Flame
  1750 | D:2      | Found a glowing golden altar of the Shining One.
  2025 | D:3      | Reached XP level 4. HP: 24/24 MP: 1/12
  3079 | D:3      | Learned a level 4 spell: Sticky Flame
  3123 | D:3      | HP: 1/24 [poisoned by an adder]
  3123 | D:3      | Slain by an orc priest

Skill      XL: |  1  2  3 |
---------------+----------+-----
Conjurations   | 2 |  2.7
Spellcasting   | 4 |  4.8
Fire Magic     | 4 |  4.2
Dodging        | |  2.4
Stealth        | |  2.4

Action                   |  1- 3 |  4- 6 || total
-------------------------+-------+-------++-------
Melee: Dagger            |     3 |     8 ||    11
 Cast: Flame Tongue      |    81 |    55 ||   136
       Conjure Flame     |     3 |     1 ||     4
  Use: Scroll            |     5 |     2 ||     7
       Potion            |       |     4 ||     4
  Eat: Chunk             |     3 |     3 ||     6
Armor: Robe              |     6 |    11 ||    17
Dodge: Dodged            |    25 |    37 ||    62
